 Dungeon Crawl Stone Soup version 0.30-a0-12-gd8047c6341 (webtiles) character file.

Game seed: 9915379247876545060

58 nickcage the Cudgeller (level 3, -10/31 HPs)
             Began as a Minotaur Abyssal Knight on Aug 23, 2022.
             Was a Priest of Lugonu.
             Mangled by an iguana (12 damage)
             ... on level 3 of the Dungeon.
             The game lasted 00:02:21 (2380 turns).

nickcage the Cudgeller (Minotaur Abyssal Knight)    Turns: 2380, Time: 00:02:22

Health: -10/31     AC:  6    Str: 19    XL:     3   Next: 76%
Magic:  3/3        EV:  9    Int:  7    God:    Lugonu [***...]
Gold:   126        SH:  0    Dex: 10    Spells: 2/2 levels left

rFire   . . .      SeeInvis .    a - +1 mace
rCold   . . .      Faith    .    (no shield)
rNeg    . . .      Spirit   .    q - +0 scale mail
rPois   .          Reflect  .    (helmet restricted)
rElec   .          Harm     .    (no cloak)
rCorr   .          Rampage  .    (no gloves)
Will    .....                    (no boots)
Stlth   ..........               (no amulet)
HPRegen 0.10/turn                (no ring)
MPRegen 0.08/turn                (no ring)

@: no status effects
A: horns 2, retaliatory headbutt
a: Renounce Religion, Depart the Abyss, Bend Space, Banish


You were on level 3 of the Dungeon.
You worshipped Lugonu.
Lugonu was most pleased with you.
You visited 1 branch of the dungeon, and saw 3 of its levels.
You visited the Abyss 1 time.

You collected 126 gold pieces.

Inventory:

Hand Weapons
 a - a +1 mace (weapon)
Missiles
 k - a throwing net
Armour
 b - a +0 leather armour
 q - a +0 scale mail (worn)
Jewellery
 e - a ring of willpower
Wands
 n - a wand of polymorph (5)
Scrolls
 c - 5 scrolls of identify {unknown}
 d - a scroll of torment {unknown}
 i - 2 scrolls of poison {unknown}
 l - a scroll of vulnerability {unknown}
 m - 2 scrolls of teleportation {unknown}
 r - 2 scrolls of immolation {unknown}
Potions
 f - a potion of flight {unknown}
 g - 3 potions of lignification {unknown}
 h - a potion of mutation {unknown}
 j - 2 potions of heal wounds {unknown}
 o - a potion of resistance {unknown}
 p - a potion of curing {unknown}
 s - a potion of brilliance {unknown}
 t - a potion of cancellation {unknown}


   Skills:
 - Level 3.6 Fighting
 + Level 5.1 Maces & Flails
 - Level 2.4 Armour
 - Level 1.1 Dodging
 - Level 1.7 Invocations


You had 2 spell levels left.
You didn't know any spells.
Your spell library was empty.

Dungeon Overview and Level Annotations

Branches:
Dungeon (3/15)

Altars:
Nemelex Xobeh
Vehumet


Innate Abilities, Weirdness & Mutations

You have a pair of horns on your head.
You reflexively headbutt those who attack you in melee.


Message History

You kill the ball python!
Lugonu accepts your kill.
No target in view!
c - 4 scrolls labelled LEAKAA HEGYITA (gained 1)
You open the door.
There is an open door here.
There is an open door here.
You now have 114 gold pieces (gained 5).
You now have 126 gold pieces (gained 12).
Found a sparkling altar of Nemelex Xobeh.
c - 5 scrolls labelled LEAKAA HEGYITA (gained 1)
m - 2 scrolls labelled CYABEECVINO (gained 1)
An iguana comes into view.
The iguana hisses angrily.
You sock the iguana!
The iguana is heavily wounded.
The iguana bites you! The iguana bites you.
You hit the iguana but do no damage.
You headbutt the iguana, but do no damage.
The iguana is moderately wounded.
The iguana bites you!
You are too injured to fight recklessly!
You are too injured to fight recklessly!
You are too injured to fight recklessly!
You hit the iguana but do no damage.
The iguana is moderately wounded.
The iguana closely misses you. You furiously retaliate!
You headbutt the iguana, but do no damage.
You hit the iguana but do no damage.
The iguana is moderately wounded.
The iguana bites you.
* * * LOW HITPOINT WARNING * * *
You hit the iguana.
The iguana is heavily wounded.
The iguana bites you.
* * * LOW HITPOINT WARNING * * *
You hit the iguana.
The iguana is severely wounded.
The iguana bites you!
You die...

.........+#
.#######..#
..........#####
.#####.##.#...# ##
.......#....### .#
#####.#.....# .#
#.##....# .#
#.###.#.#####l###.#
#...........@.....#
#######.#####.#####
#.#####.# #.......#
#########


You could see an iguana.

Vanquished Creatures
  An adder (D:2)
  A worm (D:2)
  3 orcs (D:3)
  4 bats
  3 endoplasms
  2 giant cockroaches (D:1)
  2 goblins (D:1)
  4 hobgoblins
  7 quokkas
  6 ball pythons
  A frilled lizard (D:1)
  3 kobolds
  4 rats
41 creatures vanquished.

Notes
Turn   | Place    | Note
-------+----------+-------------------------------------------
     0 | Abyss:1  | nickcage the Minotaur Abyssal Knight began the quest for
                  | the Orb.
     0 | Abyss:1  | Reached XP level 1. HP: 19/19 MP: 1/1
     1 | D:1      | Escaped the Abyss
    87 | D:1      | Reached skill level 3 in Maces & Flails
   151 | D:1      | Reached XP level 2. HP: 26/26 MP: 2/2
   508 | D:1      | Reached skill level 4 in Maces & Flails
   779 | D:1      | Reached XP level 3. HP: 27/31 MP: 3/3
  1028 | D:2      | Found a faded altar of an unknown god.
  1996 | D:3      | Found a radiant altar of Vehumet.
  2117 | D:3      | Reached *** piety under Lugonu
  2128 | D:3      | Reached skill level 5 in Maces & Flails
  2338 | D:3      | Found a sparkling altar of Nemelex Xobeh.
  2380 | D:3      | Mangled by an iguana

Illustrated notes

Levels and vault maps discovered:
D:1:      dpeg_arrival_renting, layout_basic
D:2:      layout_loops_corners, chequers_ecumenical_altar_simple
D:3:      layout_loops_corners, nicolae_vehumet_altar_sigil,
          mainiacjoe_overflow_cross_hatched, kennysheep_generic_room_10

Skill      XL: |  1  2  3 |
---------------+----------+-----
Maces & Flails | 3 4 5 |  5.1
Fighting       | |  3.6
Armour         | |  2.4
Dodging        | |  1.1
Invocations    | |  1.7

Action                   || total
-------------------------++-------
Melee: Mace              ||    86
       Headbutt          ||    13
       Punch             ||     2
Armor: Leather armour    ||    22
       Scale mail        ||     7
Dodge: Dodged            ||    42

Table legend: (Time is in decaauts)
 A = Elapsed time spent in this place.
 B = Non-inter-level travel time spent in this place.
 C = Inter-level travel time spent in this place.
 D = Time resting spent in this place.
 E = Time spent auto-exploring this place.
 F = Levels seen in this place.
 G = Mean time per level.
                   A        B        C        D        E       F      G
               +--------+--------+--------+--------+--------+-----+--------+
         Total |   2394 |   2331 |     63 |      0 |   2077 |   4 |  598.5 |
       Dungeon |   2393 |   2330 |     63 |      0 |   2077 |   3 |  797.7 |
         Abyss |      1 |      1 |      0 |      0 |      0 |   1 |    1.0 |
               +--------+--------+--------+--------+--------+-----+--------+

Top non-repeatable levels by time:
     D:2: 1004 daAuts
     D:1: 971 daAuts
     D:3: 417 daAuts
 Abyss:1: 1 daAuts
